 Dungeon Crawl Stone Soup version 0.23-a0-636-g0ff6057 (webtiles) character file.

88 zishaf the Magician (level 4, -2/32 HPs)
             Began as a Gnoll Wizard on Dec 28, 2018.
             Slain by a crimson imp (3 damage)
             ... summoned by Natasha
             ... on level 2 of the Dungeon.
             The game lasted 00:03:05 (1297 turns).

zishaf the Magician (Gnoll Wizard)                  Turns: 1297, Time: 00:03:05

Health: -2/32      AC:  3    Str:  9    XL:     4   Next: 53%
Magic:  1/13       EV: 13    Int: 21    God:
Gold:   81         SH:  4    Dex: 14    Spells: 6/17 levels left

rFire    . . .     SeeInvis .     - Unarmed
rCold    . . .     Gourm    .   l - +0 buckler
rNeg     . . .     Faith    .   j - +0 leather armour
rPois    .         Spirit   .   b - +0 hat
rElec    .         Reflect  .   (no cloak)
rCorr    .         Harm     .   (no gloves)
MR       .....                  (no boots)
Stlth    ++........             (no amulet)
HPRegen  0.10/turn              (no ring)
MPRegen  0.13/turn              (no ring)

@: very slightly contaminated
A: distributed training, fangs 1, strong nose
a: no special abilities


You were on level 2 of the Dungeon.
You were not hungry.

You visited 1 branch of the dungeon, and saw 2 of its levels.

You collected 81 gold pieces.

Inventory:

Armour
 b - a +0 hat (worn)
 j - a +0 leather armour (worn)
 l - a +0 buckler (worn)
Jewellery
 h - an uncursed ring of fire
Scrolls
 c - a scroll of fear {unknown}
 f - a scroll of blinking {unknown}
 g - 3 scrolls of identify {unknown}
 i - a scroll of fog {unknown}
Potions
 a - a potion of magic {unknown}
 e - a potion of berserk rage {unknown}
 m - 2 potions of haste {unknown}
Comestibles
 d - 4 rations
 k - 2 chunks of flesh


   Skills:
 + Level 1.1 Fighting
 + Level 1.1 Short Blades
 + Level 1.1 Long Blades
 + Level 1.1 Axes
 + Level 1.1 Maces & Flails
 + Level 1.1 Polearms
 + Level 1.1 Staves
 + Level 1.1 Slings
 + Level 1.1 Bows
 + Level 1.1 Crossbows
 + Level 1.1 Throwing
 + Level 1.1 Armour
 + Level 4.6 Dodging
 + Level 4.2 Stealth
 + Level 1.1 Shields
 + Level 1.1 Unarmed Combat
 + Level 7.2 Spellcasting
 + Level 2.2 Conjurations
 + Level 0.9 Hexes
 + Level 0.9 Charms
 + Level 2.2 Summonings
 + Level 0.9 Necromancy
 + Level 2.2 Translocations
 + Level 0.9 Transmutations
 + Level 0.9 Fire Magic
 + Level 0.9 Ice Magic
 + Level 0.9 Air Magic
 + Level 0.9 Earth Magic
 + Level 0.9 Poison Magic
 + Level 1.2 Invocations
 + Level 1.1 Evocations


You had 6 spell levels left.
You knew the following spells:

 Your Spells              Type           Power        Failure   Level  Hunger
a - Magic Dart            Conj           ###.         7%          1    None
b - Call Imp              Summ           ###.....     11%         2    None
c - Conjure Flame         Conj/Fire      ##......     26%         3    None
d - Blink                 Tloc           N/A          11%         2    None
z - Mephitic Cloud        Conj/Pois/Air  ##......     28%         3    None

Your spell library contained the following spells:

 Spells                   Type           Power        Failure   Level  Hunger
 Slow                     Hex            ##......     19%         2    None


Dungeon Overview and Level Annotations

Branches:
Dungeon (2/15)

Altars:

Annotations:
D:2 Natasha


Innate Abilities, Weirdness & Mutations

Your experience applies equally to all skills.
You have very sharp teeth.
Your uncanny sense of smell can sniff out nearby items.


Message History

Aiming: Magic Dart (safe; 7% risk of failure)
Press: ? - help, Shift-Dir - straight line, f/p - Natasha
Aim: Natasha (heavily wounded)
The magic dart hits Natasha.
Natasha is heavily wounded.
Natasha stares at you and mumbles some strange words.
The magic dart hits you!
* * * LOW HITPOINT WARNING * * *
The crimson imp sputters.
The crimson imp closely misses you.
Your crimson imp hits Natasha.
Casting: Magic Dart (safe; 7% risk of failure)
Confirm with . or Enter, or press ? or * to list all spells.
Aiming: Magic Dart (safe; 7% risk of failure)
Press: ? - help, Shift-Dir - straight line, f/p - Natasha
Aim: Natasha (heavily wounded)
The magic dart hits Natasha.
Natasha is heavily wounded.
Natasha casts a spell at you. You resist with some effort.
The crimson imp hits you.
You die...

.......####..
.#####.# ##... .. .#
###.##....# P... .#
#........# ... .#
#.......## ..# .#
#........# ..# >#
#.....##..# #.#
#รท....##....###.####
###.####....5@h5(..#
#.# #..#####5##.# #.#
#.......5# ###.#
#..####5.# #..<#
#.5##.# #.### #.....#
#.# #.##..# #.# #.#
#.##..# #.# #.#
#.##..#


You could see Natasha, a crimson imp, a white imp and a friendly crimson imp.

Vanquished Creatures
  2 adders (D:2)
  A worm (D:2)
  A dart slug (D:1)
  2 leopard geckos
  A bat (D:2)
  6 goblins (D:1)
  5 hobgoblins (D:1)
  2 jackals (D:1)
  2 frilled lizards
  2 kobolds (D:2)
  4 rats
28 creatures vanquished.

Vanquished Creatures (collateral kills)
  Natasha (twice) (D:2)
  An ooze (D:2)
  A bat (D:2)
4 creatures vanquished.

Grand Total: 32 creatures vanquished

Notes
Turn   | Place    | Note
-------+----------+-------------------------------------------
     0 | D:1      | zishaf the Gnoll Wizard began the quest for the Orb.
     0 | D:1      | Reached XP level 1. HP: 13/13 MP: 8/8
   186 | D:1      | Reached XP level 2. HP: 19/19 MP: 7/10
   201 | D:1      | Learned a level 2 spell: Blink
   204 | D:1      | Learned a level 2 spell: Call Imp
   506 | D:1      | Reached XP level 3. HP: 25/25 MP: 8/11
   813 | D:2      | Noticed Natasha
   822 | D:2      | Killed Natasha
   863 | D:2      | Noticed Natasha
   868 | D:2      | Killed Natasha
   868 | D:2      | Reached skill level 1 in Fighting
   868 | D:2      | Reached skill level 1 in Short Blades
   868 | D:2      | Reached skill level 1 in Long Blades
   868 | D:2      | Reached skill level 1 in Axes
   868 | D:2      | Reached skill level 1 in Maces & Flails
   868 | D:2      | Reached skill level 1 in Polearms
   868 | D:2      | Reached skill level 1 in Staves
   868 | D:2      | Reached skill level 1 in Slings
   868 | D:2      | Reached skill level 1 in Bows
   868 | D:2      | Reached skill level 1 in Crossbows
   868 | D:2      | Reached skill level 1 in Throwing
   868 | D:2      | Reached skill level 1 in Armour
   868 | D:2      | Reached skill level 1 in Shields
   868 | D:2      | Reached skill level 1 in Unarmed Combat
   868 | D:2      | Reached skill level 1 in Invocations
   868 | D:2      | Reached skill level 1 in Evocations
   900 | D:2      | Reached XP level 4. HP: 31/32 MP: 7/13
  1139 | D:2      | Learned a level 3 spell: Conjure Flame
  1143 | D:2      | Learned a level 3 spell: Mephitic Cloud
  1282 | D:2      | Noticed Natasha
  1296 | D:2      | HP: 1/32 [Natasha/magic dart (4)]
  1297 | D:2      | Slain by a crimson imp

Vault maps used:
D:1:      kennysheep_arrival_seaside
D:2:      tso_oasis_becter, chequers_ecumenical_altar_simple_redux,
          minmay_diced_spiral, uniq_natasha

Skill      XL: |  1  2  3 |
---------------+----------+-----
Conjurations   | 2 |  2.2
Summonings     | 2 |  2.2
Translocations | 2 |  2.2
Fighting       | 1 |  1.1
Short Blades   | 1 |  1.1
Long Blades    | 1 |  1.1
Axes           | 1 |  1.1
Maces & Flails | 1 |  1.1
Polearms       | 1 |  1.1
Staves         | 1 |  1.1
Slings         | 1 |  1.1
Bows           | 1 |  1.1
Crossbows      | 1 |  1.1
Throwing       | 1 |  1.1
Armour         | 1 |  1.1
Shields        | 1 |  1.1
Unarmed Combat | 1 |  1.1
Invocations    | 1 |  1.2
Evocations     | 1 |  1.1
Dodging        | |  4.6
Stealth        | |  4.2
Spellcasting   | |  7.2
Hexes          | |  0.9
Charms         | |  0.9
Necromancy     | |  0.9
Transmutations | |  0.9
Fire Magic     | |  0.9
Ice Magic      | |  0.9
Air Magic      | |  0.9
Earth Magic    | |  0.9
Poison Magic   | |  0.9

Action                   |  1- 3 |  4- 6 || total
-------------------------+-------+-------++-------
Melee: Unarmed           |     4 |     4 ||     8
       Bite              |     1 |       ||     1
 Cast: Magic Dart        |    45 |    34 ||    79
       Call Imp          |     4 |     3 ||     7
  Eat: Chunk             |       |     1 ||     1
Armor: Leather armour    |       |     1 ||     1
Dodge: Dodged            |    17 |    10 ||    27
Block: Buckler           |       |     1 ||     1

Table legend:
 A = Non-vault XP
 B = Vault XP
 C = Vault XP percentage of total XP
 D = Non-vault monster count
 E = Vault monster count
 F = Vault count percentage of total count
                 A         B        C        D         E       F
            +---------+---------+-------+---------+---------+-------
      Total |     107 |      19 |  15.1 |      30 |       2 |   6.2
            +---------+---------+-------+---------+---------+-------
        D:1 |      35 |       0 |   0.0 |      18 |       0 |   0.0
        D:2 |      72 |      19 |  20.9 |      12 |       2 |  14.3
            +---------+---------+-------+---------+---------+-------
